 Dungeon Crawl Stone Soup version 0.21.1-1-g345015fe64 (webtiles) character file.

26 Ivernyr the Magician (level 2, -1/22 HPs)
             Began as a Draconian Wizard on May 3, 2018.
             Slain by Crazy Yiuf
             ... wielding a +3 quarterstaff of chaos
              (2 damage)
             ... on level 2 of the Dungeon.
             The game lasted 00:08:12 (1178 turns).

Ivernyr the Magician (Draconian Wizard)             Turns: 1178, Time: 00:08:13

Health: -1/22      AC:  6    Str:  9    XL:     2   Next: 89%
Magic:  3/6        EV: 12    Int: 18    God:
Gold:   70         SH:  0    Dex:  9    Spells: 7/8 levels left

rFire    . . .     SeeInvis .   (no weapon)
rCold    . . .     Gourm    .   (no shield)
rNeg     . . .     Faith    .   (armour unavailable)
rPois    .         Spirit   .   a - +0 hat
rElec    .         Reflect  .   (no cloak)
rCorr    .         Harm     .   m - +0 pair of gloves
MR       .....                  i - +0 pair of boots
Stlth    ++........             (no amulet)
HPRegen  0.07/turn              (no ring)
MPRegen  0.10/turn              (no ring)

@: lethally poisoned (-1 -> -19), very slightly contaminated
A: unfitting armour, cold-blooded, AC +4
a: no special abilities


You were on level 2 of the Dungeon.
You were hungry.

You visited 1 branch of the dungeon, and saw 2 of its levels.

You collected 70 gold pieces.

Inventory:

Armour
 a - a +0 hat (worn)
 i - a +0 pair of boots (worn)
 m - a +0 pair of gloves (worn)
Scrolls
 d - a scroll of blinking {unknown}
 h - a scroll of fog {unknown}
 k - a scroll of teleportation {unknown}
 l - a scroll of enchant weapon {unknown}
 n - a scroll of fear {unknown}
Potions
 e - a potion of flight {unknown}
 f - a potion of lignification {unknown}
 g - a potion of curing {unknown}
 j - a potion of brilliance {unknown}
Books
 b - a book of Minor Magic

   Spells                             Type                      Level
   a - Magic Dart                     Conjuration                  1
   b - Blink                          Translocation                2
   c - Call Imp                       Summoning                    2
   d - Slow                           Hexes                        2
   e - Conjure Flame                  Conjuration/Fire             3
   f - Mephitic Cloud                 Conjuration/Poison/Air       3
Comestibles
 c - 4 rations


   Skills:
 + Level 0.7 Fighting
 - Level 2.0 Dodging
 - Level 1.7 Stealth
 * Level 3.5 Spellcasting
 + Level 1.6 Conjurations
   Level 1.0 Summonings
   Level 1.0 Translocations


You had 7 spell levels left.
You knew the following spells:

 Your Spells              Type           Power        Failure   Level  Hunger
a - Magic Dart            Conj           #...         8%          1    None


Dungeon Overview and Level Annotations

Branches:
Dungeon (2/15)

Altars:

Annotations:
D:2 Crazy Yiuf


Innate Abilities, Weirdness & Mutations

Your plain brown scales are hard. (AC +4)
You cannot fit into any form of body armour.
You are cold-blooded and may be slowed by cold attacks.


Message History

You miscast Magic Dart.
Sparks fly from your hands!
Crazy Yiuf hits you with a quarterstaff of chaos.
Casting: Magic Dart
Confirm with . or Enter, or press ? or * to list all spells.
Aiming: Magic Dart
Press: ? - help, Shift-Dir - straight line, f/p - Crazy Yiuf
Aim: Crazy Yiuf, wielding a quarterstaff of chaos and wearing a cloak (lightly wounded)
You miscast Magic Dart.
Sparks fly from your hands!
Crazy Yiuf hits you with a quarterstaff of chaos!
Ouch! That really hurt!
* * * LOW HITPOINT WARNING * * *
You are lethally poisoned!
* * * LOW HITPOINT WARNING * * *
You feel sick.
You closely miss Crazy Yiuf.
Crazy Yiuf is lightly wounded.
* * * LOW HITPOINT WARNING * * *
You feel sick.
Crazy Yiuf hits you with a quarterstaff of chaos.
You die...

#..#.# #.##.# ##.##.#
#####...#.# ..........#
####...#.# ###
♣########.##.# #)..#♣♣
♣♣♣.#.......##.#
#...'.♣♣♣♣.g@...#######.#
#...#♣..♣......## #.# ###
♣♣♣.♣...### #.# ♣♣♣♣♣##
##.## #...### #.....#
.......#.# ####.###<# #.
#.#


You could see Crazy Yiuf.

Vanquished Creatures
  An ooze (D:1)
  A dart slug (D:1)
  A leopard gecko (D:1)
  A giant cockroach (D:1)
  2 goblins (D:1)
  A hobgoblin (D:1)
  4 bats (D:1)
  2 frilled lizards
  3 kobolds (D:1)
  5 rats (D:1)
21 creatures vanquished.

Notes
Turn   | Place    | Note
-------+----------+-------------------------------------------
     0 | D:1      | Ivernyr the Draconian Wizard began the quest for the Orb.
     0 | D:1      | Reached XP level 1. HP: 14/14 MP: 4/4
   242 | D:1      | Reached XP level 2. HP: 19/20 MP: 1/6
  1162 | D:2      | Found a runed door.
  1166 | D:2      | Noticed Crazy Yiuf
  1178 | D:2      | HP: 1/22 [poisoned by Crazy Yiuf]
  1178 | D:2      | Slain by Crazy Yiuf

Skill      XL: |  1 |
---------------+----+-----
Dodging        | 2 |  2.0
Fighting       | |  0.7
Stealth        | |  1.7
Spellcasting   | |  3.5
Conjurations   | |  1.6
Summonings     | |  1.0
Translocations | |  1.0

Action                   || total
-------------------------++-------
Melee: Unarmed           ||    35
       Tailslap          ||     3
 Cast: Magic Dart        ||    45
Armor: Skin              ||    16
Dodge: Dodged            ||    31
